 Dungeon Sprint DCSS version 0.32-a0-42-ga30500b4d3 (webtiles) character file.

Game seed: 12720839745781226099

1495 rocky1 the Spear-Bearer (level 8, -11/97 HPs)
             Began as an Oni Gladiator on Jan 27, 2024.
             Was an Initiate of Gozag.
             Mangled by a red devil
             ... wielding a +0 trident
             ... summoned by a kobold demonologist
              (26 damage)
             ... in the Dungeon (Sprint VII: "The Pits").
             The game lasted 00:03:06 (1087 turns).

rocky1 the Spear-Bearer (Oni Gladiator)             Turns: 1087, Time: 00:03:07

Health: -11/97     AC:  3    Str: 21    XL:     8   Next: 81%
Magic:  8/8        EV: 12    Int:  9    God:    Gozag
Gold:   1584       SH:  0    Dex: 10    Spells: 7/7 levels left

rFire   . . .        x - +2 halberd (venom)
rCold   . . .        (shield currently unavailable)
rNeg    . . .        b - +0 robe
rPois   .            c - +0 hat
rElec   .            (no cloak)
rCorr   .            (gloves unavailable)
SInv    .            (boots unavailable)
Will    .....        (no amulet)
Stlth   +            (no ring)
HPRegen 0.36/turn    (no ring)
MPRegen 0.11/turn

%: no teleportation
@: spiked, gold aura
A: large, unfitting armour, horns 1, tough skin 1, double potion healing,
drunken brawling
a: Renounce Religion, Potion Petition, Call Merchant, Bribe Branch


You were in the Dungeon.
You worshipped Gozag.
Gozag was most pleased with you.
You visited 1 branch You collected 1584 gold pieces.

Inventory:

Hand Weapons
 a - a +0 trident
 p - a +2 trident
 q - a +0 heavy trident
 x - a +2 halberd of venom (weapon)
Missiles
 d - 3 throwing nets (quivered)
 e - a large rock
 r - a curare-tipped dart
Armour
 b - a +0 robe (worn)
 c - a +0 hat (worn)
Jewellery
 s - a +3 ring of strength
 t - a +3 ring of protection
Scrolls
 k - a scroll of blinking
 m - 2 scrolls of vulnerability
 n - 5 scrolls of amnesia
 o - a scroll of butterflies
Potions
 f - 5 potions of curing
 g - 6 potions of heal wounds
 h - 4 potions of haste
 i - 4 potions of magic
 j - a potion of berserk rage
 l - 2 potions of invisibility
 u - a potion of brilliance
 v - a potion of might
 w - 2 potions of resistance


   Skills:
 + Level 11.4 Fighting
 * Level 12.5 Polearms
 - Level 2.2 Throwing
 + Level 7.6 Armour
 + Level 8.5 Dodging


You had 7 spell levels left.
You didn't know any spells.
Your spell library was empty.

Dungeon Overview and Level Annotations

Branches:
Dungeon (1/1)

Altars:
Ashenzari
Cheibriados
Dithmenos
Elyvilon
Fedhas
Gozag
Hepliaklqana
Kikubaaqudgha
Makhleb
Nemelex Xobeh
Okawaru
Qazlal
Ru
Sif Muna
Trog
Uskayaw
Vehumet
Wu Jian
Xom
Yredelemnul
Zin
The Shining One
Jiyva
Lugonu


Innate Abilities, Weirdness & Mutations

You are too large for most types of armour.
You have a pair of small horns on your head.
You have tough skin. (AC +1)
You gain doubled healing and magic from potions.
Whenever you drink a healing potion, you attack all around you.


Message History

Press: ? - help, Dir - move target, f - kobold demonologist, p - red devil
Aim: a kobold demonologist, wielding a +0 dagger and wearing a +0 robe (about 44% to evade your +2 halberd of venom)
The shadow imp is in the way.
The ynoxinul bellows!
You puncture the shadow imp!
The shadow imp is heavily wounded.
The ynoxinul is no longer distracted by gold.
The iron imp shouts, "Back with thee, thou droning roguish tiddler!"
The iron imp hits you. The shadow imp gestures at you.
Pain shoots through your body!
The red devil hits you from afar with a +0 trident!!
Barbed spikes become lodged in your body.
Reach: x) +2 halberd (venom)
Press: ? - help, Dir - move target, f/p - kobold demonologist
Aim: a kobold demonologist, wielding a +0 dagger and wearing a +0 robe (about 44% to evade your +2 halberd of venom)
You reach to attack!
You impale the kobold demonologist!!
The kobold demonologist is heavily wounded.
The ufetubus is no longer distracted by gold.
The red devil hits you from afar with a +0 trident!
Barbed spikes become lodged in your body.
The shadow imp hits you.
* * * LOW HITPOINT WARNING * * *
You closely miss the kobold demonologist.
Your headbutt misses the kobold demonologist.
The kobold demonologist is heavily wounded.
Unknown command.
You hit the kobold demonologist.
The kobold demonologist is poisoned.
You headbutt the kobold demonologist!
The kobold demonologist is severely wounded.
The shadow imp closely misses you.
The red devil hits you from afar with a +0 trident!
* * * LOW HITPOINT WARNING * * *
Barbed spikes become lodged in your body.
You barely miss the kobold demonologist.
The kobold demonologist is severely wounded.
The kobold demonologist casts a spell.
The red devil hits you from afar with a +0 trident!!
You die...
Your body crumbles into a pile of gold.

#######++##########
..............##..#
....#..#......##..#
..............'3..#
..............''@$######
....#..#......##K3455....
..............##5.55.....
#'#####++################
.....# .....# .....#
.<...# .....#


You could see a kobold demonologist (poisoned), 2 ynoxinuls, a red devil
(summoned), an iron imp (summoned, very poisoned), a quasit (summoned), a shadow
imp (summoned) and 2 ufetubi.

Vanquished Creatures
  An efreet (D)
  2 glass eyes (D)
  An orc warrior (D)
  A water moccasin (D)
  A black bear (D)
  A swamp drake (D)
  A wolf (D)
  A centaur (D)
  A kobold brigand (D)
  A brain worm (D)
  A scorpion (D)
  2 quasits (D)
  A jelly (D)
  An iguana (D)
  An adder (D)
  An ufetubus (D)
  A dart slug (D)
  2 orcs (D)
  2 giant cockroaches (D)
  2 jackals (D)
  A ball python skeleton (D)
  2 kobolds (D)
28 creatures vanquished.

Notes
Turn   | Place    | Note
-------+----------+-------------------------------------------
     0 | D        | rocky1 the Oni Gladiator began the quest for the Orb.
     0 | D        | Reached XP level 1. HP: 22/22 MP: 1/1
    23 | D        | Found a bloodstained altar of Trog.
    23 | D        | Found a shimmering blue altar of Sif Muna.
    23 | D        | Found a viscous altar of Jiyva.
    23 | D        | Found a hazy altar of Hepliaklqana.
    23 | D        | Found an opulent altar of Gozag.
    24 | D        | Found a glowing golden altar of the Shining One.
    24 | D        | Found a glowing silver altar of Zin.
    24 | D        | Found a basalt altar of Yredelemnul.
    24 | D        | Found a shimmering altar of Xom.
    24 | D        | Found an ornate altar of the Wu Jian Council.
    24 | D        | Found a sacrificial altar of Ru.
    24 | D        | Found a stormy altar of Qazlal.
    24 | D        | Found an iron altar of Okawaru.
    24 | D        | Found a sparkling altar of Nemelex Xobeh.
    24 | D        | Found a burning altar of Makhleb.
    24 | D        | Found a blossoming altar of Fedhas.
    24 | D        | Found a white marble altar of Elyvilon.
    24 | D        | Found a shadowy altar of Dithmenos.
    24 | D        | Found a snail-covered altar of Cheibriados.
    27 | D        | Found a corrupted altar of Lugonu.
    27 | D        | Found a radiant altar of Vehumet.
    28 | D        | Found an ancient bone altar of Kikubaaqudgha.
    28 | D        | Found a hide-covered altar of Uskayaw.
    28 | D        | Found a broken altar of Ashenzari.
    31 | D        | Became a worshipper of Gozag Ym Sagoz the Greedy
    68 | D        | Reached XP level 2. HP: 26/31 MP: 2/2
   191 | D        | Noticed a glass eye
   198 | D        | Killed a glass eye
   199 | D        | Reached skill level 7 in Polearms
   199 | D        | Reached skill level 5 in Dodging
   199 | D        | Reached XP level 3. HP: 45/45 MP: 3/3
   199 | D        | Reached XP level 4. HP: 53/53 MP: 4/4
   199 | D        | Reached XP level 5. HP: 61/61 MP: 5/5
   213 | D        | Noticed a glass eye
   214 | D        | Noticed a black bear
   228 | D        | Reached skill level 8 in Polearms
   228 | D        | Reached XP level 6. HP: 71/71 MP: 6/6
   231 | D        | Killed a black bear
   232 | D        | Reached skill level 9 in Polearms
   232 | D        | Reached skill level 5 in Armour
   239 | D        | Killed a glass eye
   240 | D        | Reached skill level 10 in Polearms
   240 | D        | Reached XP level 7. HP: 78/83 MP: 7/7
   364 | D        | Reached skill level 10 in Fighting
   364 | D        | Reached skill level 11 in Polearms
   602 | D        | Reached XP level 8. HP: 67/94 MP: 8/8
   867 | D        | Noticed an efreet
   873 | D        | Killed an efreet
   874 | D        | Reached skill level 12 in Polearms
  1068 | D        | Noticed a kobold demonologist
  1071 | D        | Noticed a red devil
  1079 | D        | Noticed a ynoxinul
  1087 | D        | Mangled by a red devil

Illustrated notes

Levels and vault maps discovered:
D:        pitsprint [storerooms_1, entrance_room_1, metal_vault_3, armoury_3,
          mini_pit_1, grid_room_1, main_hall_1, silver_pit, the_coven_2,
          the_vestibule_1, steel_vault_4, golden_pit, hallway_of_sentries,
          crystal_vault_1, iron_vault_1, final_vault]

Skill      XL: |  1  2  3  4  5  6  7  8 |
---------------+-------------------------+-----
Dodging        | 3 5 7 8 |  8.5
Fighting       | 3 6 7 9 10 11 | 11.4
Polearms       | 7 8 10 11 12 | 12.5
Armour         | 4 5 6 7 |  7.6
Throwing       | |  2.2

Action                     |  1- 3 |  4- 6 |  7- 9 || total
---------------------------+-------+-------+-------++-------
  Melee: Trident           |    14 |    25 |    82 ||   121
         Headbutt          |     5 |     1 |    17 ||    23
         Halberd           |       |       |    11 ||    11
    Use: Potion            |       |     1 |     5 ||     6
 Armour: Robe              |     5 |     6 |    49 ||    60
  Dodge: Dodged            |     6 |     9 |    43 ||    58

Table legend: (Time is in decaauts)
 A = Elapsed time spent in this place.
 B = Non-inter-level travel time spent in this place.
 C = Inter-level travel time spent in this place.
 D = Time resting spent in this place.
 E = Time spent auto-exploring this place.
 F = Levels seen in this place.
 G = Mean time per level.
                   A        B        C        D        E       F      G
               +--------+--------+--------+--------+--------+-----+--------+
         Total |   1077 |   1016 |     61 |    664 |      0 |   1 | 1077.0 |
       Dungeon |   1077 |   1016 |     61 |    664 |      0 |   1 | 1077.0 |
               +--------+--------+--------+--------+--------+-----+--------+

Top non-repeatable levels by time:
       D: 1077 daAuts
